 Dungeon Crawl Stone Soup version 0.18-a0-1788-g92de1ac (webtiles) character file.

33 wvc the Cutter (level 3, 1/18 HPs)
             Began as a Vine Stalker Wanderer on Apr 19, 2016.
             Quit the game on level 2 of the Dungeon.
             The game lasted 00:01:25 (681 turns).

wvc the Cutter (Vine Stalker Wanderer)               Turns: 681, Time: 00:01:26

Health: 1/18       AC:  3    Str: 12 (15) XL:     3   Next: 29%
Magic:  0/7        EV: 11    Int: 13 (14) God:
Gold:   37         SH:  0    Dex: 10 (11) Spells: 0 memorised, 6 levels left

rFire  . . .     SeeInvis .     a - +2 short sword
rCold  . . .     Gourm    .     d - +0 robe
rNeg   . . .     Faith    .     (no shield)
rPois  .         Spirit   +     l - +0 helmet
rElec  .         Dismiss  .     (no cloak)
rCorr  .         Reflect  .     (no gloves)
SustAt .         Harm     .     (no boots)
MR     .....                    (no amulet)
Stlth  +.........               (no ring)
                                (no ring)

@: not resistant to hostile enchantments, very unstealthy
A: fangs 2, regeneration 1, magic shield, antimagic bite, no device heal 3, rot
immunity
a: no special abilities


You were on level 2 of the Dungeon.
You were not hungry.

You visited 1 branch of the dungeon, and saw 2 of its levels.

You collected 37 gold pieces.

Inventory:

Hand Weapons
 a - a +2 short sword (weapon)
Armour
 d - a +0 robe (worn)
 l - a +0 helmet (worn)
Scrolls
 e - 3 scrolls of remove curse {unknown}
 g - a scroll of random uselessness {unknown}
Comestibles
 b - 3 chunks of flesh
 f - 2 bread rations
 h - a beef jerky


   Skills:
 - Level 1.7 Fighting
 + Level 3.9 Short Blades
 - Level 1.0 Throwing
 - Level 1.2 Stealth
 - Level 2.1 Spellcasting
   Level 1.0 Air Magic


You had 6 spell levels left.
You didn't know any spells.

Dungeon Overview and Level Annotations

Branches:
Dungeon (2/15)

Altars:

Annotations:
D:2 Sigmund


Innate Abilities, Weirdness & Mutations

You have extremely sharp teeth.
Your natural rate of healing is unusually fast.
When hurt, damage is shared between your health and your magic reserves.
Your bite disrupts and absorbs the magic of your enemies.
Potions and wands cannot restore your health.
You are immune to rotting.


Message History

You hit Sigmund. You bite Sigmund.
Sigmund's magic leaks into the air.
You drain his magic.
You feel invigorated.
Sigmund is moderately wounded.
You closely miss Sigmund. Your bite misses Sigmund.
Sigmund is moderately wounded.
The adder bites you.
Sigmund falters for a moment.
You closely miss Sigmund.
Sigmund is moderately wounded.
The adder closely misses you. Sigmund hits you with a scythe!
You hit Sigmund. You bite Sigmund, but do no damage.
Sigmund is heavily wounded.
The adder bites you.
* * * LOW HITPOINT WARNING * * *
The adder barely misses you.
You hit Sigmund.
Sigmund is heavily wounded.
Sigmund closely misses you. The adder bites you.
* * * LOW HITPOINT WARNING * * *
Sigmund closely misses you.
Are you sure you want to abandon this character and quit the game? (Confirm with "yes".)

#...........#
#......>.....
#...........#
#...........#
#...........#
#........?..#
#....@......#
#S# #@#
########.#
#........#
#.########
#.##.....#
#.##.###.#
#.##.<.#.#
#.##.....#
#.##.....#


You could see Sigmund and an adder.

Vanquished Creatures
  An adder (D:2)
  A dart slug (D:1)
  A giant gecko (D:1)
  A ball python (D:1)
  A giant cockroach (D:1)
  2 goblins
  2 hobgoblins
  4 jackals (D:1)
  A kobold (D:1)
  2 bats (D:1)
  A giant newt (D:1)
  2 rats (D:1)
19 creatures vanquished.

Notes
Turn   | Place    | Note
--------------------------------------------------------------
     0 | D:1      | wvc the Vine Stalker Wanderer began the quest for the Orb.
     0 | D:1      | wvc set off with: a +2 short sword, a potion of lignification, a potion of curing, a +0 robe, a bread ration
     0 | D:1      | Reached XP level 1. HP: 11/11 MP: 4/4
    97 | D:1      | Reached skill level 3 in Short Blades
   103 | D:1      | Reached XP level 2. HP: 10/15 MP: 6/6
   584 | D:2      | Reached XP level 3. HP: 3/18 MP: 0/7
   668 | D:2      | Noticed Sigmund
   681 | D:2      | Quit the game

Vault maps used:
D:1:      minmay_arrival_diagonal_passages, st_stairs_4,
          minmay_misc_feat_nine_boxes
D:2:      uniq_sigmund

Skill      XL: |  1 |
---------------+----+-----
Short Blades   | 3 |  3.9
Fighting       | |  1.7
Throwing       | |  1.0
Stealth        | |  1.2
Spellcasting   | |  2.1
Air Magic      | |  1.0

Action                   || total
-------------------------++-------
Melee: Short sword       ||    68
       Bite              ||    13
  Use: Potion            ||     4
 Stab: Sleeping          ||     1
Armor: Robe              ||     7
       Skin              ||     8
Dodge: Dodged            ||    39
